 Dungeon Crawl Stone Soup version 0.20.1-1-g8b1a95d (webtiles) character file.

158820 Gargoyl the Tortoise (level 17, 0/154 HPs)
             Began as a Minotaur Abyssal Knight on July 18, 2017.
             Was the Champion of Lugonu.
             Slain by Mara
             ... wielding a +5 demon trident of electrocution
              (18 damage)
             ... on level 3 of the Spider Nest on July 19, 2017.
             The game lasted 01:21:11 (32919 turns).

Gargoyl the Tortoise (Minotaur Abyssal Knight)     Turns: 32919, Time: 01:21:11

Health: 0/154      AC: 33    Str: 27      XL:     17   Next: 15%
Magic:  22/23      EV: 10    Int:  9      God:    Lugonu [******]
Gold:   1010       SH: 17    Dex: 14 (15) Spells: 16/16 levels left

rFire    . . .     SeeInvis .   K - +4 broad axe (venom)
rCold    . . .     Gourm    .   L - +0 shield
rNeg     . . .     Faith    .   l - +3 plate armour
rPois    +         Spirit   .   N - +1 hat
rElec    .         Reflect  +   I - +1 cloak
rCorr    .         Harm     .   G - +2 pair of gloves {Dex+3}
MR       +....                  d - +0 pair of boots
Stlth    ..........             D - +3 amulet of reflection
Regen    0.4/turn               V - +5 ring of strength
MPRegen  0.2/turn               P - ring of poison resistance

@: no status effects
A: retaliatory headbutt, horns 2, yellow scales 1, low mp 1, wild magic 1,
MP-powered wands
a: Depart the Abyss, Bend Space, Banish, Corrupt, Enter the Abyss, Brand Weapon
With Distortion, Renounce Religion


You were on level 3 of the Spider Nest.
You worshipped Lugonu.
Lugonu was exalted by your worship.
You were not hungry.

You visited 4 branches of the dungeon, and saw 27 of its levels.
You visited the Abyss 1 time.
You also visited: Labyrinth.

You collected 2107 gold pieces.
You spent 1097 gold pieces at shops.

Inventory:

Hand Weapons
 w - a +0 broad axe
 F - the +2 broad axe of Stickiness {chop, Int+4 SInv}
   (You found it in a labyrinth)

   It inflicts extra damage upon your enemies.
   It affects your intelligence (+4).
   It lets you see invisible.
 K - a +4 broad axe of venom (weapon)
 Z - a +0 broad axe
Missiles
 r - 8 javelins (quivered)
Armour
 d - a +0 pair of boots (worn)
 l - a +3 plate armour (worn)
 G - a +2 pair of gloves of dexterity (worn)
 I - a +1 cloak (worn)
 L - a +0 shield (worn)
 N - a +1 hat (worn)
Jewellery
 p - an uncursed amulet of regeneration
 y - an uncursed ring of fire
 z - an uncursed ring of protection from cold
 D - a +3 amulet of reflection (around neck)
 O - the ring of Yleano {rC+ MR++ Int-4 Stlth-}
   (You bought it in a shop on level 2 of the Orcish Mines)

   [ring of loudness]

   It affects your intelligence (-4).
   It protects you from cold.
   It affects your resistance to hostile enchantments.
   It makes you less stealthy.
 P - a ring of poison resistance (right hand)
 R - an uncursed ring of resist corrosion
 S - an uncursed ring of ice
 V - a +5 ring of strength (left hand)
Wands
 g - a wand of digging (12/24)
Scrolls
 b - a scroll of fear
 h - 7 scrolls of blinking
 j - 5 scrolls of magic mapping
 q - 8 scrolls of identify
 x - 10 scrolls of remove curse
 B - 7 scrolls of teleportation
 C - a scroll of fog
 J - a scroll of holy word
 Y - a scroll of recharging
Potions
 a - 2 potions of berserk rage
 e - 7 potions of haste
 k - 3 potions of cancellation
 m - 4 potions of magic
 n - 5 potions of brilliance
 t - 8 potions of curing
 u - a potion of flight
 v - a potion of agility
 H - 2 potions of heal wounds
 M - a potion of resistance
 U - a potion of might
 W - a potion of invisibility
Comestibles
 c - 16 bread rations
 f - 18 royal jellies
 i - 56 fruits
 o - 5 chunks of flesh
 A - 11 meat rations


   Skills:
 + Level 14.3 Fighting
 + Level 18.4 Axes
 + Level 0.8 Throwing
 * Level 18.9 Armour
 + Level 3.7 Dodging
 + Level 12.5 Shields
 * Level 13.7 Invocations


You had 16 spell levels left.
You didn't know any spells.

Dungeon Overview and Level Annotations

Branches:
Dungeon (15/15)            Temple (0/1) D:5            Lair (6/6) D:10
 Shoals (0/4) Lair:3       Spider (4/4) Lair:2        Slime (0/5) Lair:6
    Orc (2/2) D:11            Elf (0/3) Orc:2        Vaults (0/5) D:14
 Depths (0/5) D:15

Altars:
Ashenzari
Dithmenos
Fedhas
Nemelex Xobeh
Okawaru
Qazlal
Ru
Trog
Uskayaw
The Shining One
Beogh

Shops:
D:7 ?   D:12 *   Orc:2 :*=:*

Annotations:
Lair:6 exclusion: 4 oklob plants
Spider:3 Mara


Innate Abilities, Weirdness & Mutations

You reflexively headbutt those who attack you in melee.
You have a pair of horns on your head.
You are partially covered in yellow scales. (AC +2)
Your magical capacity is low. (-10% MP)
Your spells are a little harder to cast, but a little more powerful.
You expend magic power (3 MP) to strengthen your wands.


Message History

You completely miss Mara.
Mara blinks!
Unknown command.
You feel sick.
You start resting.
Eating one of 6 chunks of flesh.
You eat one of the 6 chunks of flesh.
This raw flesh tastes terrible.
You feel better.
Mara gestures.
There is a horrible, sudden wrenching feeling in your soul!
Mara weaves an illusion.
Mara blinks! x3
You miss Mara. Your headbutt misses Mara.
Mara blinks!
Unknown command.
You block Mara's attack. Mara gestures at you. The bolt of fire hits you!
* * * LOW HITPOINT WARNING * * *
Mara hits you with a demon trident of electrocution!
* * * LOW HITPOINT WARNING * * *
You are electrocuted!
You die...

#...#..#.#....#...#.^..##.#
..#............#..^#.#..###
#...........#......##....#####
......#.......^#..##....^#...#
.#.........##....##..####....####
###......#^....#<..#....#...###.#
...>..##.........##..#..#....#^#.
.....##.......#R.#...^###.....#..
.......#^.#(#...@..#.......###.#.
....#..[.....#..R....#..#.#.#.#.#
.#..#..........#@...#.....##.####
.#.##.....#....##...#......#.# #
.[.#......#^#....#..§§..#.####
#..#......#...##..........#
..##.......#.######.##.##.#
#......#..#....## #>....###
..#....#......#^# #†...##


You could see 2 Maras and Gargoyl's illusion.

Vanquished Creatures
  Arachne (Spider:3)
  Rupert (Lair:2)
  Gastronok (Orc:1)
  An orc warlord (D:11)
  An emperor scorpion (Spider:3)
  2 ghost moths
  2 entropy weavers
  A dire elephant (Lair:6)
  3 spark wasps
  Josephine (D:11)
  The ghost of Knicklaso the Grappler, a journeyman TrMo (D:11)
  2 yaktaur captains (D:15)
  An ettin (Orc:1)
  A minotaur (Lab)
  Fannar (Lair:1)
  An ogre mage (D:11)
  A catoblepas (Lair:6)
  2 vault guards (D:14)
  A centaur warrior (D:15)
  The ghost of dion0 the Unseen, a journeyman FeEn of Jiyva (Spider:1)
  7 two-headed ogres
  7 dancing weapons (Spider:1)
  A tengu warrior (D:14)
  4 death yaks (Lair:6)
  Urug (Lair:3)
  3 orc high priests
  5 skeletal warriors (D:12)
  2 unseen horrors
  4 orc knights (Orc:2)
  2 wizards (D:14)
  2 necromancers (D:14)
  Pikel (D:6)
  15 orb spiders
  A wolf spider zombie (D:14)
  13 ugly things
  6 orc sorcerers
  3 manticores
  24 wolf spiders
  2 moths of wrath
  2 cyclopes (D:12)
  17 elephants
  2 centaur zombies (D:12)
  5 black mambas
  2 gargoyles
  2 torpor snails
  4 centaur skeletons
  15 spiny frogs
  3 rime drakes
  12 demonic crawlers
  2 freezing wraiths (D:15)
  4 yaktaurs
  8 komodo dragons
  27 jumping spiders
  A tengu conjurer (D:13)
  7 trolls
  2 polar bears
  A meliai (shapeshifter) (D:13)
  A merfolk (Lair:3)
  14 blink frogs
  3 hornets
  15 hippogriffs
  A raiju (shapeshifter) (D:13)
  7 dream sheep (Lair:6)
  3 slime creatures (D:15)
  A snapping turtle (Lair:3)
  4 water elementals (D:13)
  57 redbacks
  A centaur simulacrum (D:15)
  30 tarantellas
  27 yaks
  4 wyverns
  19 humans (D:14)
  6 basilisks
  5 wraiths (D:11)
  Eustachio (D:5)
  2 hungry ghosts
  9 vampire mosquitoes
  A soldier ant (D:13)
  4 wargs (Orc:1)
  An acid dragon (D:11)
  Duvessa (D:7)
  10 water moccasins
  9 porcupines
  2 eyes of draining
  28 orc warriors
  A sky beast (D:7)
  4 black bears
  A hornet zombie (D:14)
  6 ice beasts
  2 necrophages
  4 phantoms
  8 ogres
  28 wolves
  5 centaurs
  16 crocodiles
  7 big kobolds
  15 bullfrogs
  Dowan (D:7)
  A wyvern zombie (D:13)
  A scorpion (D:4)
  5 killer bees (D:10)
  A howler monkey (D:4)
  8 wights (D:12)
  6 electric eels
  7 crimson imps
  A quasit (D:5)
  A bullfrog zombie (D:9)
  2 bullfrog skeletons
  7 hounds
  15 orc priests
  4 jellies
  A gnoll shaman (Orc:1)
  An iron imp (D:9)
  19 orc wizards
  7 iguanas
  7 hell rats (Lair:3)
  7 worker ants
  A killer bee zombie (D:5)
  A hound zombie (D:6)
  2 hound skeletons
  A howler monkey zombie (D:5)
  2 worker ant zombies
  8 gnolls
  17 adders
  5 shadow imps
  2 oozes
  An adder skeleton (D:7)
  An adder zombie (D:5)
  2 worms
  7 leopard geckos
  57 orcs
  8 bats
  5 giant cockroaches
  A goblin (D:2)
  4 hobgoblins
  4 jackals (D:8)
  30 kobolds
  4 quokkas
  A ball python (D:3)
  4 frilled lizards
  A goblin skeleton (D:9)
  3 goblin zombies (D:9)
  2 hobgoblin zombies (D:9)
  A kobold skeleton (D:9)
  A kobold zombie (D:9)
  A leopard gecko zombie (D:6)
  An orc zombie (D:9)
  10 rats
  4 fungi
  4 plants
906 creatures vanquished.

Vanquished Creatures (others)
  The ghost of tape the Black Belt, an adept DsGl of Uskayaw (Spider:3)
  The ghost of tape the Lord of Darkness, an adept DsFE of Kikubaaqudgha (Spider:3)
  5 hydras
  A deep troll shaman (Lair:6)
  3 orb spiders
  A cyclops (D:15)
  A yaktaur (D:15)
  A tarantella (Spider:1)
  An orc warrior (Orc:1)
  An electric eel (Spider:2)
  An orc priest (D:7)
  An orc wizard (Orc:2)
  A kobold (D:11)
  18 fungi
  9 plants (Lair:6)
46 creatures vanquished.

Grand Total: 952 creatures vanquished

Notes
Turn   | Place    | Note
-------+----------+-------------------------------------------
     0 | Abyss:1  | Gargoyl the Minotaur Abyssal Knight began the quest for the Orb.
     0 | Abyss:1  | Reached XP level 1. HP: 19/19 MP: 1/1
    37 | Abyss:1  | Noticed a starcursed mass
    56 | Abyss:1  | Noticed a spatial vortex
    58 | Abyss:1  | Noticed a spatial vortex
    58 | Abyss:1  | Noticed a freezing wraith
    59 | Abyss:1  | Noticed a spatial vortex
    60 | Abyss:1  | Noticed a red draconian
    60 | D:1      | Escaped the Abyss
   574 | D:1      | Reached XP level 2. HP: 27/27 MP: 2/2
   660 | D:1      | Reached * piety under Lugonu
  1075 | D:2      | Reached XP level 3. HP: 27/33 MP: 3/3
  1410 | D:2      | Found a sparkling altar of Nemelex Xobeh.
  1604 | D:2      | Found a faded altar of an unknown god.
  1901 | D:3      | Reached ** piety under Lugonu
  1967 | D:3      | Reached XP level 4. HP: 34/41 MP: 4/4
  2290 | D:3      | Reached XP level 5. HP: 35/47 MP: 5/5
  2548 | D:3      | Found a bloodstained altar of Trog.
  3539 | D:4      | Reached XP level 6. HP: 55/55 MP: 5/7
  3826 | D:4      | Reached skill level 5 in Armour
  4113 | D:5      | Entered Level 5 of the Dungeon
  4149 | D:5      | Found a staircase to the Ecumenical Temple.
  4266 | D:5      | Reached *** piety under Lugonu
  4417 | D:5      | Noticed Eustachio
  4418 | D:5      | Noticed an ice beast
  4457 | D:5      | Reached skill level 5 in Axes
  4498 | D:5      | HP: 1/55 [ice beast (8)]
  4501 | D:5      | Killed an ice beast
  4501 | D:5      | Reached skill level 5 in Fighting
  4501 | D:5      | Reached XP level 7. HP: 2/61 MP: 8/8
  4519 | D:5      | Killed Eustachio
  4853 | D:5      | Noticed a hand axe
  4855 | D:5      | Noticed a dagger
  4855 | D:5      | Found a hide-covered altar of Uskayaw.
  5164 | D:5      | Reached XP level 8. HP: 68/68 MP: 9/9
  5431 | D:6      | Found a blossoming altar of Fedhas.
  5578 | D:6      | Found a stormy altar of Qazlal.
  6116 | D:7      | Gained mutation: Your muscles are strong. (Str +2) [mutagenic meat]
  6118 | D:7      | Gained mutation: You passively map a small area around you. [mutagenic meat]
  6119 | D:7      | Gained mutation: You are agile. (Dex +2) [mutagenic meat]
  6150 | D:7      | Found a shattered altar of Ashenzari.
  6166 | D:7      | Found a sacrificial altar of Ru.
  6286 | D:7      | Found Ihywoi's Magic Scroll Shop.
  6289 | D:7      | Bought a scroll of blinking for 97 gold pieces
  6289 | D:7      | Bought a scroll of enchant armour for 97 gold pieces
  6319 | D:7      | Noticed Dowan
  6322 | D:7      | Noticed Duvessa
  6325 | D:7      | Reached **** piety under Lugonu
  6340 | D:7      | Killed Duvessa
  6358 | D:7      | Killed Dowan
  6409 | D:7      | Reached XP level 9. HP: 70/75 MP: 11/11
  6559 | D:7      | Noticed Pikel
  6581 | D:6      | Killed Pikel
  7361 | D:8      | Found a stormy altar of Qazlal.
  7426 | D:8      | Reached skill level 5 in Invocations
  7686 | D:8      | Noticed a green ugly thing
  7693 | D:8      | Killed a green ugly thing
  7693 | D:8      | Reached skill level 10 in Armour
  7723 | D:8      | Reached skill level 10 in Axes
  7738 | D:8      | Reached ***** piety under Lugonu
  7932 | D:9      | Reached XP level 10. HP: 80/86 MP: 13/13
  7974 | D:9      | Found a shadowy altar of Dithmenos.
  8057 | D:9      | Found a glowing golden altar of the Shining One.
  8835 | D:10     | Entered Level 10 of the Dungeon
  8926 | D:10     | Killed an unseen horror
  9135 | D:10     | Found a staircase to the Lair.
  9632 | Lair:1   | Entered Level 1 of the Lair of Beasts
  9716 | Lair:1   | Noticed a spiny frog
  9724 | Lair:1   | Killed a spiny frog
  9724 | Lair:1   | Reached XP level 11. HP: 81/94 MP: 15/15
  9808 | Lair:1   | Noticed Fannar
  9834 | Lair:1   | Killed Fannar
  9880 | Lair:1   | Noticed a seven-headed hydra
  9883 | Lair:1   | Banished a seven-headed hydra
 11070 | Lair:2   | Found a hole to the Spider Nest.
 11078 | Lair:2   | Reached skill level 1 in Shields
 11334 | Lair:3   | Noticed Urug
 11358 | Lair:3   | Killed Urug
 11478 | Lair:3   | Found a staircase to the Shoals.
 11488 | Lair:3   | Reached XP level 12. HP: 81/104 MP: 17/17
 11864 | Lair:3   | Noticed Rupert
 11906 | Lair:2   | HP: 3/106 [Rupert/great sword of venom (14)]
 11952 | Lair:2   | Paralysed by Rupert for 7 turns
 11959 | Lair:2   | Killed Rupert
 12201 | Lair:3   | Reached skill level 10 in Fighting
 12859 | Lair:4   | Reached ****** piety under Lugonu
 13128 | Lair:4   | Reached skill level 15 in Armour
 13789 | Lair:5   | Reached skill level 5 in Shields
 13789 | Lair:5   | Reached XP level 13. HP: 95/113 MP: 19/19
 14130 | Lair:5   | Found a labyrinth entrance.
 14264 | Lab      | Entered a labyrinth
 14458 | Lab      | Noticed a minotaur
 14508 | Lab      | Killed a minotaur
 14685 | Lab      | Got a brightly glowing copper ring
 14686 | Lab      | Got a warped broad axe
 14691 | Lair:5   | Identified the +2 broad axe of Stickiness {chop, Int+4 SInv} (You found it in a labyrinth)
 14708 | Lair:5   | Identified the ring "Puxzad" {rF+ rC+ MR- Int+4} (You found it in a labyrinth)
 14878 | Lair:6   | Entered Level 6 of the Lair of Beasts
 15081 | Lair:6   | Reached skill level 10 in Invocations
 15429 | Lair:6   | Reached skill level 15 in Axes
 15474 | Lair:6   | Found a staircase to the Slime Pits.
 15950 | Lair:6   | Noticed a dire elephant
 15986 | Lair:6   | Lost mutation: Your muscles are strong. (Str +2) [potion of mutation]
 15986 | Lair:6   | Lost mutation: You are agile. (Dex +2) [potion of mutation]
 15986 | Lair:6   | Lost mutation: You passively map a small area around you. [potion of mutation]
 15986 | Lair:6   | Gained mutation: You tend to lose your temper in combat. [potion of mutation]
 15986 | Lair:6   | Gained mutation: You have sharp fingernails. [potion of mutation]
 15994 | Lair:6   | Killed a dire elephant
 16077 | Lair:6   | Reached XP level 14. HP: 71/124 MP: 20/20
 16309 | Lair:6   | Got a translucent chain mail
 16321 | Lair:6   | Identified the +0 chain mail of the Modern Lies {Dex+7} (You found it on level 6 of the Lair of Beasts)
 16952 | D:11     | Lost mutation: You tend to lose your temper in combat. [potion of mutation]
 16952 | D:11     | Lost mutation: You have sharp fingernails. [potion of mutation]
 16952 | D:11     | Gained mutation: You have sharp fingernails. [potion of mutation]
 16952 | D:11     | Gained mutation: Your flesh is cold resistant. (rC+) [potion of mutation]
 17080 | D:11     | Found a staircase to the Orcish Mines.
 17191 | D:11     | Noticed Knicklaso's ghost (journeyman TrMo)
 17207 | D:11     | Killed Knicklaso's ghost
 17247 | D:11     | Noticed Josephine
 17252 | D:11     | Killed Josephine
 17969 | D:12     | Found a sparkling altar of Nemelex Xobeh.
 18947 | D:12     | Found Feten's General Store.
 20363 | Orc:1    | Entered Level 1 of the Orcish Mines
 20638 | Orc:1    | Noticed Gastronok
 21083 | Orc:1    | Killed Gastronok
 21118 | Orc:1    | Found an iron altar of Okawaru.
 21119 | Orc:1    | Noticed an orc warlord
 21342 | D:11     | Killed an orc warlord
 21574 | Orc:1    | Reached XP level 15. HP: 132/134 MP: 22/22
 21579 | Orc:1    | Gained mutation: You are frail. (-10% HP) [a neqoxec]
 22214 | Orc:1    | Found a roughly hewn altar of Beogh.
 22293 | Orc:2    | Entered Level 2 of the Orcish Mines
 22293 | Orc:2    | Found a staircase to the Elven Halls.
 22502 | Orc:2    | Found Itomaohi's Book Boutique.
 22571 | Orc:2    | Found Roram's Assorted Antiques.
 23658 | Orc:2    | Found Ujittid's Assorted Antiques.
 23659 | Orc:2    | Found Kaeveylu's Book Emporium.
 23659 | Orc:2    | Found Naveraag's Jewellery Emporium.
 23674 | Orc:2    | Bought a scroll of teleportation for 81 gold pieces
 23695 | Orc:2    | Bought the ring of Yleano {rC+ MR++ Int-4 Stlth-} for 279 gold pieces
 23700 | Orc:2    | Bought a scroll of blinking for 195 gold pieces
 23700 | Orc:2    | Bought a scroll of blinking for 195 gold pieces
 23700 | Orc:2    | Bought a runed tourmaline ring for 130 gold pieces
 23700 | Orc:2    | Bought a white potion for 23 gold pieces
 24082 | D:14     | Found a gate to the Vaults.
 24607 | D:15     | Entered Level 15 of the Dungeon
 24976 | D:15     | Reached skill level 10 in Shields
 25303 | D:15     | Found a staircase to the Depths.
 26012 | Spider:1 | Entered Level 1 of the Spider Nest
 26019 | Spider:1 | Noticed a ghost moth
 26026 | Spider:1 | Killed a ghost moth
 26576 | Spider:1 | Noticed dion0's ghost (journeyman FeEn)
 26851 | Spider:1 | Killed dion0's ghost
 27092 | Spider:1 | Reached XP level 16. HP: 128/128 MP: 24/24
 27137 | Spider:1 | Found a runed door.
 30359 | Spider:3 | Noticed tape's ghost (adept DsFE)
 30385 | Spider:3 | Banished tape's ghost
 30580 | Spider:3 | Noticed tape's ghost (adept DsGl)
 30595 | Spider:3 | Banished tape's ghost
 31366 | Spider:3 | Noticed Arachne
 31473 | Spider:3 | Killed Arachne
 31808 | Spider:3 | Reached XP level 17. HP: 85/136 MP: 26/26
 32186 | Spider:3 | Lost mutation: Your flesh is cold resistant. (rC+) [potion of mutation]
 32186 | Spider:3 | Lost mutation: You are frail. (-10% HP) [potion of mutation]
 32186 | Spider:3 | Lost mutation: You have sharp fingernails. [potion of mutation]
 32186 | Spider:3 | Gained mutation: Your magical capacity is low. (-10% MP) [potion of mutation]
 32186 | Spider:3 | Gained mutation: You are partially covered in yellow scales. (AC +2) [potion of mutation]
 32186 | Spider:3 | Gained mutation: You expend magic power (3 MP) to strengthen your wands. [potion of mutation]
 32186 | Spider:3 | Gained mutation: Your spells are a little harder to cast, but a little more powerful. [potion of mutation]
 32473 | Spider:4 | Entered Level 4 of the Spider Nest
 32887 | Spider:4 | Noticed Mara
 32889 | Spider:4 | Noticed Gargoyl's illusion
 32912 | Spider:3 | Noticed Gargoyl's illusion
 32919 | Spider:3 | Slain by Mara

Skill      XL: |  1  2  3  4  5  6  7  8  9 10 11 12 13 14 15 16 |
---------------+-------------------------------------------------+-----
Invocations    | 2 3 4 5 6 8 9 10 11 12 13 | 13.7
Fighting       | 4 5 6 7 8 9 10 11 12 13 14 | 14.3
Armour         | 3 4 5 6 8 10 12 14 15 16 17 18 | 18.9
Axes           | 3 4 5 7 8 10 11 12 14 15 16 17 18 | 18.4
Dodging        | 2 3 |  3.7
Shields        | 1 5 7 8 10 12 | 12.5
Throwing       | |  0.8

Action                   |  1- 3 |  4- 6 |  7- 9 | 10-12 | 13-15 | 16-18 || total
-------------------------+-------+-------+-------+-------+-------+-------++-------
Melee: Hand axe          |   107 |   223 |   383 |   317 |       |       ||  1030
       Headbutt          |    16 |    24 |    75 |   145 |   361 |   125 ||   746
       Broad axe         |       |       |       |   221 |  1139 |   505 ||  1865
Throw: Javelin           |       |     1 |     2 |       |     4 |       ||     7
Invok: Depart the Abyss  |     1 |       |       |       |       |       ||     1
       Banish            |       |       |       |     2 |    12 |    11 ||    25
  Use: Scroll            |     4 |    10 |    14 |     2 |    19 |     2 ||    51
       Potion            |       |     3 |     4 |     4 |     9 |     4 ||    24
 Stab: Petrified         |       |       |       |       |     1 |       ||     1
       Distracted        |       |       |       |       |     1 |     1 ||     2
  Eat: Chunk             |     3 |     8 |    19 |    14 |    35 |    14 ||    93
       Bread ration      |       |       |       |     1 |     3 |     2 ||     6
Armor: Leather armour    |    35 |       |       |       |       |       ||    35
       Chain mail        |    32 |   161 |   127 |       |       |       ||   320
       Plate armour      |       |       |   183 |   510 |   639 |   398 ||  1730
Dodge: Dodged            |    88 |    89 |   158 |   223 |   283 |   179 ||  1020
Block: Shield            |       |       |       |   242 |   887 |   459 ||  1588
       Reflection        |       |       |       |       |    52 |       ||    52
